 Dungeon Crawl Stone Soup version 0.32-a0-485-g70f7560b1c (webtiles) character file.

Game seed: 5839155455287476272

70 Thatboi the Trooper (level 4, 43/50 HPs)
             Began as an Oni Berserker on Feb 26, 2024.
             Was a Believer of Trog.
             Quit the game on level 2 of the Dungeon.
             The game lasted 00:05:38 (1776 turns).

Thatboi the Trooper (Oni Berserker)                 Turns: 1776, Time: 00:05:38

Health: 43/50      AC:  3    Str: 23    XL:     4   Next: 21%
Magic:  4/4        EV: 10    Int:  8    God:    Trog [**....]
Gold:   56         SH:  0    Dex:  8    Spells: 3/3 levels left

rFire   . . .        a - +0 mace
rCold   . . .        (no shield)
rNeg    . . .        b - +0 animal skin
rPois   .            (helmet restricted)
rElec   .            (no cloak)
rCorr   .            (gloves unavailable)
SInv    .            (boots unavailable)
Will    .....        (no amulet)
Stlth   +            (no ring)
HPRegen 0.28/turn    (no ring)
MPRegen 0.09/turn

%: no passive effects
@: no status effects
A: large, unfitting armour, horns 1, tough skin 1, double potion healing,
drunken brawling
a: Renounce Religion, Berserk, Trog's Hand


You were on level 2 of the Dungeon.
You worshipped Trog.
Trog was pleased with you.
You visited 1 branch of the dungeon, and saw 2 of its levels.

You collected 56 gold pieces.

Inventory:

Hand Weapons
 a - a +0 mace (weapon)
 e - a +0 short sword
Armour
 b - a +0 animal skin (worn)
 d - a +1 pair of gloves
 g - a +0 ring mail
 i - a +1 leather armour of fire resistance
Scrolls
 c - 2 scrolls of fog {unknown}
 f - a scroll of fear {unknown}
 h - 2 scrolls of immolation (quivered)
Potions
 j - a potion of degeneration {unknown}


   Skills:
 + Level 5.0 Fighting
 + Level 3.7 Maces & Flails
 + Level 3.3 Dodging


You had 3 spell levels left.
You didn't know any spells.
Your spell library was empty.

Dungeon Overview and Level Annotations

Branches:
Dungeon (2/15)

Altars:


Innate Abilities, Weirdness & Mutations

You are too large for most types of armour.
You have a pair of small horns on your head.
You have tough skin. (AC +1)
You gain doubled healing and magic from potions.
Whenever you drink a healing potion, you attack all around you.


Message History

The ribbon worm bites you. The rat bites you.
You sock the ribbon worm!
The ribbon worm is severely wounded.
The rat barely misses you. The ribbon worm bites you.
You hit the ribbon worm but do no damage.
Your headbutt misses the ribbon worm.
The ribbon worm is severely wounded.
The rat closely misses you. The ribbon worm barely misses you.
You hit the ribbon worm.
The ribbon worm is almost dead.
The rat barely misses you. The ribbon worm bites you.
You thump the ribbon worm!
You kill the ribbon worm!
Trog accepts your kill. The rat barely misses you. The rat bites you.
You swing at nothing.
The rat barely misses you.
You swing at nothing.
The rat closely misses you.
You hit the rat.
You kill the rat!
Trog accepts your kill.
You swing at nothing.
You swing at nothing.
You swing at nothing.
You swing at nothing.
You swing at nothing.
Found a scroll labelled BEONIK WIGHOIN.
Found a dagger.
h - 2 scrolls of immolation (gained 1)
There is a faded altar of an unknown god here.
There are no items here.
There is a faded altar of an unknown god here.
This altar belongs to (a) Sif Muna, (b) Trog or (c) Lugonu, but you can't tell which.
Press the corresponding letter to learn more about a god, or press enter to convert or escape to cancel.
Okay, then.
Found a stone staircase leading down.
Found a stone staircase leading down.
c - 2 scrolls labelled BEONIK WIGHOIN (gained 1) Unknown command.
Okay, then.
Unknown command.
Are you sure you want to abandon this character and quit the game? (Confirm with "yes".)

##..†## #.# ##
#.....#########.#
##..†...........#
##..#.....#....##
#..#....#...#..#####
#..........##......#
#.....#..#.......#.#
#...........##....>.#
#...+...._..#..@.....#
....#..##............#
....... #..........#>#
..##.................
. ....##..#..#######
..###...)....# .
.........# ....####...
##. ....


There were no monsters in sight!

Vanquished Creatures
  Terence (D:2)
  A ribbon worm (D:2)
  A dart slug (D:2)
  3 endoplasms (D:1)
  3 giant cockroaches
  2 goblins
  6 hobgoblins
  2 quokkas (D:1)
  6 ball pythons
  3 bats
  3 frilled lizards (D:1)
  6 kobolds
  6 rats
43 creatures vanquished.

Notes
Turn   | Place    | Note
-------+----------+-------------------------------------------
     0 | D:1      | Thatboi the Oni Berserker began the quest for the Orb.
     0 | D:1      | Reached XP level 1. HP: 24/24 MP: 1/1
   111 | D:1      | Reached XP level 2. HP: 29/32 MP: 2/2
   532 | D:1      | Reached XP level 3. HP: 40/40 MP: 3/3
   545 | D:1      | Reached ** piety under Trog
  1327 | D:2      | Noticed Terence
  1338 | D:2      | Killed Terence
  1339 | D:2      | Reached XP level 4. HP: 13/49 MP: 4/4
  1574 | D:2      | Reached skill level 5 in Fighting
  1724 | D:2      | Found a faded altar of an unknown god.
  1776 | D:2      | Quit the game

Illustrated notes

Levels and vault maps discovered:
D:1:      wander_arrival_lonely_grave, layout_rooms
D:2:      layout_loops_corners, hellmonk_ecumenical_altar_blasted, uniq_terence

Skill      XL: |  1  2  3  4 |
---------------+-------------+-----
Dodging        | 3 |  3.3
Fighting       | 5 |  5.0
Maces & Flails | |  3.7

Action                     |  1- 3 |  4- 6 || total
---------------------------+-------+-------++-------
  Melee: Mace              |   104 |    26 ||   130
         Headbutt          |    12 |     2 ||    14
 Invoke: Berserk           |     1 |       ||     1
    Use: Scroll            |     1 |       ||     1
         Potion            |     4 |       ||     4
 Armour: Animal skin       |   153 |    42 ||   195
  Dodge: Dodged            |   122 |    30 ||   152

Table legend: (Time is in decaauts)
 A = Elapsed time spent in this place.
 B = Non-inter-level travel time spent in this place.
 C = Inter-level travel time spent in this place.
 D = Time resting spent in this place.
 E = Time spent auto-exploring this place.
 F = Levels seen in this place.
 G = Mean time per level.
                   A        B        C        D        E       F      G
               +--------+--------+--------+--------+--------+-----+--------+
         Total |   1845 |   1816 |     29 |    289 |    656 |   2 |  922.5 |
       Dungeon |   1845 |   1816 |     29 |    289 |    656 |   2 |  922.5 |
               +--------+--------+--------+--------+--------+-----+--------+

Top non-repeatable levels by time:
     D:2: 950 daAuts
     D:1: 895 daAuts
